 Dungeon Sprint DCSS version 0.31.0-12-g77e489cdc1 (webtiles) character file.

Game seed: 281781835347073377

3300000 Kallu the Axe Maniac (level 22, -63/194 HPs)
             Began as a Djinni Warper on Feb 14, 2024.
             Was the Champion of Makhleb.
             Annihilated by a destroyer
             ... wielding a +9 heavy great sword
              (207 damage)
             ... in the Dungeon (Sprint VIII: "Arena of Blood").
             The game lasted 00:01:20 (33 turns).

Kallu the Axe Maniac (Djinni Warper)                  Turns: 33, Time: 00:01:20

Health: -63/194    AC:  6    Str: 10    XL:     22   Next: 30%
Gold:   0          EV: 27    Int: 23    God:    Makhleb [******] SH:  0 Dex: 16

rFire   + + .        h - +∞ Axe of Woe
rCold   x . .        (shield currently unavailable)
rNeg    . . .        a - +0 leather armour
rPois   ∞            (no helmet)
rElec   .            (no cloak)
rCorr   .            (no gloves)
SInv    .            (boots unavailable)
Will    ++...        (no amulet)
Stlth   +            (no ring)
HPRegen 0.52/turn    (no ring)
MPRegen 0.00/turn

%: no teleportation, infuse magic (-64 HP)
@: flying, very slightly contaminated
A: sickness immunity, fire resistance 2, cold vulnerability 1, float, innate
caster, HP casting, extra vitality 1
a: Renounce Religion, Minor Destruction, Lesser Servant of Makhleb, Major
Destruction, Greater Servant of Makhleb


You were in the Dungeon.
You worshipped Makhleb.
Makhleb was exalted by your worship.
You visited 1 branch

Inventory:

Hand Weapons
 h - the +∞ Axe of Woe (weapon)
   (You found it in the Dungeon)
Missiles
 c - 7 darts of dispersal (quivered)
Armour
 a - a +0 leather armour (worn)
Scrolls
 b - 2 scrolls of blinking
Potions
 d - a potion of curing
 e - a potion of heal wounds
 f - a potion of haste
 g - a potion of berserk rage


   Skills:
 O Level 27 Fighting
 O Level 27 Axes
 O Level 27 Throwing
 O Level 27 Armour
 O Level 27 Dodging
 O Level 27 Unarmed Combat
 O Level 27 Spellcasting
 O Level 27 Conjurations
 O Level 27 Hexes
 O Level 27 Summonings
 O Level 27 Necromancy
 O Level 27 Translocations
 O Level 27 Fire Magic
 O Level 27 Ice Magic
 O Level 27 Air Magic
 O Level 27 Earth Magic
 O Level 27 Alchemy


You knew the following spells:

 Your Spells              Type           Power      Damage    Failure   Level
a - Blink                 Tloc           100%       N/A       0%          2
b - Lesser Beckoning      Tloc           100%       N/A       0%          2
c - Teleport Other        Tloc           100%       N/A       0%          3
d - Manifold Assault      Tloc           100%       N/A       0%          4
e - Vhi's Electric Charg  Tloc/Air       100%       N/A       0%          4
f - Kiss of Death         Conj/Necr      100%       2d13      0%          1
g - Ensorcelled Hibernat  Hex/Ice        100%       N/A       0%          2
h - Stone Arrow           Conj/Erth      100%       3d13      0%          3
i - Summon Blazeheart Go  Fire/Summ      100%       N/A       0%          4
j - Flame Wave            Conj/Fire      100%       2d21      0%          4
k - Alistair's Intoxicat  Alch           67%        N/A       0%          5
l - Summon Cactus Giant   Summ           50%        N/A       0%          6
m - Summon Hydra          Summ           50%        N/A       0%          7
n - Haunt                 Necr/Summ      50%        N/A       0%          7
o - Ignition              Fire           50%        3d14      1%          8
Your spell library was empty.

Dungeon Overview and Level Annotations

Branches:
Dungeon (1/1)

Altars:
Makhleb


Innate Abilities, Weirdness & Mutations

You are immune to sickness and miasma.
You are immune to poison.
Your flesh is very heat resistant. (rF++)
You are vulnerable to cold. (rC-)
You float through the air rather than walking.
You learn spells naturally, not from books.
Your magical power is your life essence.
You have superior vitality. (+4 MHP)


Message History

You fatally mangle the large bag of meat.
Makhleb accepts your kill.
You slash the bag of meat!
You fatally mangle the bag of meat.
You kill the bag of meat!
Makhleb accepts your kill.
You slice the meat berserker!!
You pulverise the meat berserker into a thin bloody mist.
You kill the meat berserker!
Makhleb accepts your kill.
You slice the bag of meat!!
You butcher the bag of meat messily.
You kill the bag of meat!
Makhleb accepts your kill.
The large bag of meat explodes!
The fiery explosion engulfs you! You resist.
You are engulfed in blazing flames.
You resist.
The bag of meat is engulfed in blazing flames. x2
You have mastered Throwing!
You have reached level 22!
A large bag of meat comes into view. It is wielding a +9 giant spiked club.
Unknown command.
Unknown command.
You are engulfed in blazing flames.
You resist.
The bag of meat is engulfed in blazing flames. x2
The bag of meat attacks as it pursues you!
The bag of meat hits you with a +9 war axe!!
The large bag of meat moves out of view.
Items here: )) == †.
Unknown command.
You are engulfed in blazing flames.
You resist.
The bag of meat is engulfed in blazing flames.
The destroyer gestures at you while chanting.
The destroyer blinks!
The meat berserker is engulfed in blazing flames.
The bag of meat is engulfed in blazing flames.
Unknown command.
The bag of meat is engulfed in blazing flames. x2
The destroyer is engulfed in blazing flames.
The destroyer hits you with a +9 heavy great sword!!!!!
Ouch! That really hurt!
You die...

###########
..=.....V§####
.......@o°oo.####
#.##.#####O)....## o
......o.)§o○.....
..##.##...)o)§.....
o..........)o)§Oo...
.....#.#...)o).#.O..
...........))####oO.
......o.)....V......
.................o.O


You could see a destroyer, a meat berserker (berserk) and 3 bags of meat.

Vanquished Creatures
  A vampire knight (D)
  10 ogres (D)
  2 two-headed ogres (D)
  28 orcs (D)
41 creatures vanquished.

Notes
Turn   | Place    | Note
-------+----------+-------------------------------------------
     0 | D        | Found the +∞ Axe of Woe
     0 | D        | Kallu the Djinni Warper began the quest for the Orb.
     0 | D        | Kallu set off with the following spells memorised: Blink,
                  | Lesser Beckoning, Teleport Other, Manifold Assault, Vhi's
                  | Electric Charge.
     0 | D        | Reached XP level 1. HP: 18/18 MP: 0/0
     4 | D        | Noticed a bag of meat
     4 | D        | Became a worshipper of Makhleb the Destroyer
     4 | D        | Noticed a bag of meat
     4 | D        | Noticed a bag of meat
     4 | D        | Noticed a bag of meat
     5 | D        | Killed a bag of meat
     6 | D        | Reached skill level 15 in Fighting
     6 | D        | Reached XP level 2. HP: 43/43 MP: 0/0
     6 | D        | Reached XP level 3. HP: 49/49 MP: 0/0
     6 | D        | Learned a level 1 spell: Kiss of Death
     6 | D        | Reached XP level 4. HP: 55/55 MP: 0/0
     6 | D        | Reached XP level 5. HP: 60/60 MP: 0/0
     6 | D        | Learned a level 2 spell: Ensorcelled Hibernation
     6 | D        | Reached XP level 6. HP: 67/67 MP: 0/0
     6 | D        | Reached XP level 7. HP: 72/72 MP: 0/0
     6 | D        | Learned a level 3 spell: Stone Arrow
     6 | D        | Reached XP level 8. HP: 78/78 MP: 0/0
     6 | D        | Reached XP level 9. HP: 84/84 MP: 0/0
     6 | D        | Learned a level 4 spell: Summon Blazeheart Golem
     6 | D        | Reached XP level 10. HP: 90/90 MP: 0/0
     6 | D        | Reached XP level 11. HP: 95/95 MP: 0/0
     6 | D        | Learned a level 4 spell: Flame Wave
     6 | D        | Noticed a bag of meat
     7 | D        | Noticed a meat berserker
     9 | D        | Noticed a meat berserker
    10 | D        | Noticed a bag of meat
    10 | D        | Noticed a meat berserker
    10 | D        | Noticed a bag of meat
    11 | D        | Noticed a bag of meat
    11 | D        | Noticed a bag of meat
    11 | D        | Noticed a bag of meat
    11 | D        | Noticed a bag of meat
    11 | D        | Noticed a bag of meat
    11 | D        | Noticed a bag of meat
    12 | D        | Noticed a bag of meat
    12 | D        | Noticed a bag of meat
    12 | D        | Noticed a bag of meat
    12 | D        | Noticed a meat berserker
    12 | D        | Noticed a meat berserker
    12 | D        | Noticed a bag of meat
    12 | D        | Noticed a bag of meat
    13 | D        | Noticed a bag of meat
    14 | D        | Killed a bag of meat
    14 | D        | Reached * piety under Makhleb
    14 | D        | Killed a meat berserker
    14 | D        | Noticed a bag of meat
    15 | D        | Reached XP level 12. HP: 65/112 MP: 0/0
    15 | D        | Reached XP level 13. HP: 68/118 MP: 0/0
    15 | D        | Learned a level 5 spell: Alistair's Intoxication
    15 | D        | Killed a meat berserker
    15 | D        | Killed a meat berserker
    15 | D        | Reached ** piety under Makhleb
    15 | D        | Noticed a bag of meat
    15 | D        | Noticed a bag of meat
    15 | D        | Noticed a bag of meat
    16 | D        | Reached skill level 27 in Axes
    16 | D        | Reached XP level 14. HP: 77/132 MP: 0/0
    16 | D        | Reached XP level 15. HP: 81/139 MP: 0/0
    16 | D        | Learned a level 6 spell: Summon Cactus Giant
    17 | D        | Killed a meat berserker
    17 | D        | Killed a meat berserker
    17 | D        | Reached *** piety under Makhleb
    17 | D        | Noticed a meat berserker
    17 | D        | Noticed a meat berserker
    18 | D        | Reached skill level 27 in Fighting
    18 | D        | Reached XP level 16. HP: 68/154 MP: 0/0
    18 | D        | Reached **** piety under Makhleb
    19 | D        | Reached XP level 17. HP: 119/160 MP: 0/0
    19 | D        | Learned a level 7 spell: Summon Hydra
    19 | D        | Killed a meat berserker
    19 | D        | Reached ***** piety under Makhleb
    21 | D        | Reached skill level 27 in Spellcasting
    21 | D        | Reached skill level 27 in Conjurations
    21 | D        | Reached skill level 27 in Hexes
    21 | D        | Reached skill level 27 in Summonings
    21 | D        | Reached skill level 27 in Necromancy
    21 | D        | Reached skill level 27 in Translocations
    21 | D        | Reached skill level 27 in Fire Magic
    21 | D        | Reached skill level 27 in Ice Magic
    21 | D        | Reached skill level 27 in Air Magic
    21 | D        | Reached skill level 27 in Earth Magic
    21 | D        | Reached skill level 27 in Alchemy
    21 | D        | Reached XP level 18. HP: 167/167 MP: 0/0
    21 | D        | Noticed a large bag of meat
    21 | D        | Noticed a destroyer
    22 | D        | Noticed a meat berserker
    23 | D        | Killed a meat berserker
    24 | D        | Reached skill level 5 in Throwing
    24 | D        | Reached XP level 19. HP: 153/174 MP: 0/0
    24 | D        | Learned a level 7 spell: Haunt
    24 | D        | Noticed a large bag of meat
    25 | D        | Noticed a meat berserker
    25 | D        | Killed a destroyer
    25 | D        | Reached ****** piety under Makhleb
    26 | D        | Reached skill level 10 in Throwing
    26 | D        | Reached skill level 15 in Armour
    26 | D        | Reached skill level 27 in Dodging
    26 | D        | Reached skill level 27 in Unarmed Combat
    26 | D        | Reached XP level 20. HP: 181/181 MP: 0/0
    26 | D        | Killed a large bag of meat
    27 | D        | Noticed a meat berserker
    27 | D        | Noticed a large bag of meat
    27 | D        | Noticed a meat berserker
    28 | D        | Noticed a meat berserker
    29 | D        | Killed a meat berserker
    29 | D        | Killed a meat berserker
    29 | D        | Noticed a destroyer
    29 | D        | Noticed a destroyer
    30 | D        | Reached skill level 27 in Armour
    30 | D        | Reached XP level 21. HP: 187/187 MP: 0/0
    30 | D        | Learned a level 8 spell: Ignition
    30 | D        | Noticed a meat berserker
    30 | D        | Killed a large bag of meat
    30 | D        | Killed a meat berserker
    31 | D        | Reached skill level 27 in Throwing
    31 | D        | Reached XP level 22. HP: 182/194 MP: 0/0
    31 | D        | Noticed a large bag of meat
    33 | D        | Annihilated by a destroyer

Illustrated notes

Levels and vault maps discovered:
D:        meatsprint

Skill      XL: |  1  2  3  4  5  6  7  8  9 10 11 12 13 14 15 16 17 18 19 20 21 |
---------------+----------------------------------------------------------------+-----
Fighting       | 15 20 23 27 | 27.0
Axes           | 17 23 27 | 27.0
Spellcasting   | 18 21 27 | 27.0
Conjurations   | 18 21 27 | 27.0
Hexes          | 18 21 27 | 27.0
Summonings     | 18 21 27 | 27.0
Necromancy     | 18 21 27 | 27.0
Translocations | 18 21 27 | 27.0
Fire Magic     | 18 21 27 | 27.0
Ice Magic      | 18 21 27 | 27.0
Air Magic      | 18 21 27 | 27.0
Earth Magic    | 18 21 27 | 27.0
Alchemy        | 18 21 27 | 27.0
Throwing       | 2 5 10 21 27 | 27.0
Armour         | 2 8 15 27 | 27.0
Dodging        | 9 21 27 | 27.0
Unarmed Combat | 8 19 27 | 27.0

Action                     |  1- 3 |  4- 6 |  7- 9 | 10-12 | 13-15 | 16-18 | 19-21 | 22-24 || total
---------------------------+-------+-------+-------+-------+-------+-------+-------+-------++-------
  Melee: Executioner's axe |     1 |       |       |     1 |     2 |     5 |     4 |       ||    13
   Cast: Vhi's Electric Ch |       |       |       |       |       |     3 |       |       ||     3
 Armour: Leather armour    |       |       |       |     1 |     2 |     2 |     8 |     4 ||    17
  Dodge: Dodged            |       |       |       |       |       |       |     3 |       ||     3
